 Dungeon Crawl Stone Soup version 0.18-a0-1572-g0a86841 (webtiles) character file.

308 mopl the Insei (level 6, -16/47 HPs)
             Began as a Mummy Monk on Mar 15, 2016.
             Demolished by Menkaure (17 damage)
             ... on level 4 of the Dungeon.
             The game lasted 00:10:00 (6276 turns).

mopl the Insei (Mummy Monk)                         Turns: 6276, Time: 00:10:00

Health: -16/47     AC:  2    Str: 15    XL:     6   Next: 16%
Magic:  6/6        EV: 13    Int:  9    God:
Gold:   208        SH:  0    Dex: 16    Spells: 0 memorised, 5 levels left

rFire  . . .     SeeInvis .       - Unarmed
rCold  + . .     Gourm    .     (no armour)
rNeg   + + +     Faith    .     (no shield)
rPois  ∞         Spirit   .     (no helmet)
rElec  .         Dismiss  .     a - +0 cloak (curse)
rCorr  .         Reflect  .     i - +0 pair of gloves
SustAt .         Harm     .     (no boots)
MR     .....                    (no amulet)
Stlth  +.........               e - ring of loudness (curse)
                                b - ring of protection from fire

@: about to teleport, not resistant to hostile enchantments, very unstealthy
A: no food or potions, fire vulnerability, cold resistance 1, negative energy
resistance 3, torment resistance, unbreathing
a: no special abilities


You were on level 4 of the Dungeon.
You were not hungry.

You visited 1 branch of the dungeon, and saw 4 of its levels.

You collected 208 gold pieces.

Inventory:

Armour
 a - a cursed +0 cloak (worn)
 i - a +0 pair of gloves (worn)
Jewellery
 b - a ring of protection from fire (left hand)
 c - an uncursed ring of protection from cold
 e - a cursed ring of loudness (right hand)
Scrolls
 d - a scroll of fear
 g - 2 scrolls of remove curse
 h - a scroll of magic mapping


   Skills:
 - Level 3.0 Fighting
 - Level 2.4 Dodging
 - Level 1.5 Stealth
 * Level 6.2 Unarmed Combat


You had 5 spell levels left.
You didn't know any spells.

Dungeon Overview and Level Annotations

Branches:
Dungeon (4/15)             Temple (0/1) D:4

Altars:
Trog
Yredelemnul
Zin
The Shining One

Annotations:
D:2 1 exclusion, Terence
D:3 natasha
D:4 Menkaure, Robin


Innate Abilities, Weirdness & Mutations

You do not eat or drink.
Your flesh is vulnerable to fire.
You are immune to poison.
Your flesh is cold resistant.
You are immune to negative energy.
You are immune to unholy pain and torment.
You can survive without breathing.


Message History

You are too injured to fight recklessly!
You are too injured to fight recklessly!
You are too injured to fight recklessly!
You aren't carrying any items that can be evoked.
Unknown command.
Unknown command.
Read which item? (? for menu, Esc to quit)
As you read the scroll of teleportation, it crumbles to dust.
You feel strangely unstable. Menkaure completely misses you.
You hit Menkaure but do no damage.
Menkaure is moderately damaged.
Menkaure hits you!
* * * LOW HITPOINT WARNING * * *
You hit Menkaure.
Menkaure is severely damaged.
Menkaure barely misses you.
You barely miss Menkaure.
Menkaure is severely damaged.
Menkaure hits you!
You die...

#### ...# ...#
...###############
...'...........M@#
...###############
...# ####


You could see Menkaure.

Vanquished Creatures
  2 orc priests (D:3)
  Natasha (D:3)
  5 adders
  3 gnolls
  4 oozes
  2 worms (D:3)
  2 dart slugs (D:3)
  4 giant geckos
  9 orcs
  12 bats
  7 giant cockroaches
  14 goblins
  7 hobgoblins
  14 jackals
  8 kobolds
  A quokka (D:2)
  3 ball pythons
  3 giant newts
  8 rats
109 creatures vanquished.

Notes
Turn   | Place    | Note
--------------------------------------------------------------
     0 | D:1      | mopl the Mummy Monk began the quest for the Orb.
     0 | D:1      | Reached XP level 1. HP: 18/18 MP: 1/1
   202 | D:1      | Reached XP level 2. HP: 22/24 MP: 2/2
   569 | D:1      | Reached skill level 4 in Unarmed Combat
   653 | D:1      | Found a glowing golden altar of the Shining One.
   680 | D:1      | Reached XP level 3. HP: 27/29 MP: 3/3
  1186 | D:2      | Noticed Terence
  2249 | D:2      | Reached XP level 4. HP: 35/35 MP: 4/4
  2305 | D:2      | Found a glowing silver altar of Zin.
  2967 | D:3      | Reached skill level 5 in Unarmed Combat
  3180 | D:3      | Found a bloodstained altar of Trog.
  3258 | D:3      | Found a basalt altar of Yredelemnul.
  3260 | D:3      | Noticed a profane servitor
  3272 | D:3      | Found a glowing golden altar of the Shining One.
  3280 | D:3      | Noticed an angel
  3785 | D:3      | Reached XP level 5. HP: 28/41 MP: 5/5
  4713 | D:4      | Noticed Natasha
  5080 | D:3      | Killed Natasha
  5381 | D:4      | Found a staircase to the Ecumenical Temple.
  5633 | D:3      | Reached skill level 6 in Unarmed Combat
  5713 | D:4      | Reached XP level 6. HP: 43/47 MP: 6/6
  6208 | D:4      | Noticed Menkaure
  6210 | D:4      | Noticed Robin
  6274 | D:4      | HP: 1/47 [Menkaure (17)]
  6276 | D:4      | Demolished by Menkaure

Vault maps used:
D:1:      erik_arrival_gehennom, hangedman_abyss_or_decor_lesser_grid,
          tso_metal_star
D:2:      old_standard_altar, marbit_many_paths, first_bread,
          serial_bayou_ford_a, uniq_terence, uniq_crazy_yiuf_cottage
D:3:      lightli_temple_of_fire, grunt_temple_overflow_holy_war
D:4:      vehumet_crystals, minmay_temple_entry_statues, uniq_robin,
          uniq_natasha, uniq_menkaure

Skill      XL: |  1  2  3  4  5 |
---------------+----------------+-----
Unarmed Combat | 4 5 6 |  6.2
Fighting       | |  3.0
Dodging        | |  2.4
Stealth        | |  1.5

Action                   |  1- 3 |  4- 6 || total
-------------------------+-------+-------++-------
Melee: Unarmed           |   148 |   326 ||   474
  Use: Scroll            |       |     6 ||     6
 Stab: Sleeping          |     3 |     2 ||     5
